 Dungeon Crawl Stone Soup version 0.27-a0-887-gcab673c142 (webtiles) character file.

Game seed: 15795958842759773960

8684 Dvallin the Grappler (level 11, -2/135 (139) HPs)
             Began as an Ogre Transmuter on Apr 4, 2021.
             Was a High Priest of Okawaru.
             Slain by a wraith (10 damage)
             ... led by Josephine
             ... on level 11 of the Dungeon on Apr 5, 2021.
             The game lasted 00:31:27 (12359 turns).

Dvallin the Grappler (Ogre Transmuter)             Turns: 12359, Time: 00:31:28

HP:   -2/135 (139)  AC:  8    Str: 16    XL:     11   Next: 34%
MP:   10/14         EV:  7    Int: 17    God:    Okawaru [*****.]
Gold: 852           SH:  0    Dex:  9    Spells: 5/14 levels left

rFire    + . .     SeeInvis .     - Unarmed
rCold    . . .     Faith    .   (shield currently unavailable)
rNeg     . . .     Spirit   .   (armour currently unavailable)
rPois    +         Reflect  .   (helmet currently unavailable)
rElec    .         Harm     .   (cloak currently unavailable)
rCorr    +         Rampage  .   (gloves unavailable)
Will     +....                  (boots unavailable)
Stlth    +.........             k - amulet of regeneration
HPRegen  1.32/turn              u - ring of protection from fire
MPRegen  0.14/turn              t - ring of resist corrosion

@: about to teleport, hydra-form, slowed, lightly drained, very slow
A: fast swimmer, devour, amphibious, boosted hp, very large, unfitting armour,
(tough skin 1), frail 1
a: End Transformation, Renounce Religion, Heroism, Finesse


You were on level 11 of the Dungeon.
You worshipped Okawaru.
Okawaru was extremely pleased with you.
You were a four-headed hydra.
You visited 2 branches of the dungeon, and saw 12 of its levels.
You also visited: Sewer.

You collected 852 gold pieces.

Inventory:

Missiles
 e - 349 stones
 v - a curare-tipped dart
Armour
 n - a +2 robe of the Archmagi (melded)
 B - a +2 cloak of stealth (melded)
Magical Staves
 p - a staff of cold
Jewellery
 f - a ring of magical power
 k - an amulet of regeneration (around neck)
 t - a ring of resist corrosion (right foreclaw)
 u - a ring of protection from fire (left foreclaw)
 y - a ring of protection from fire
Wands
 g - a wand of mindburst (4)
 z - a wand of flame (18)
 A - a wand of paralysis (7)
 D - a wand of iceblast (8)
 E - a wand of charming (11)
Scrolls
 c - a scroll of torment
 d - a scroll of enchant weapon
 m - 5 scrolls of vulnerability
 q - 9 scrolls of teleportation
 s - 2 scrolls of enchant armour {unknown}
 x - 5 scrolls of identify
 C - a scroll of blinking
 F - 2 scrolls of amnesia
Potions
 a - a potion of resistance {unknown}
 b - 6 potions of flight
 h - a potion of magic
 i - 2 potions of lignification
 j - a potion of degeneration
 l - 6 potions of curing
 o - 2 potions of haste {unknown}
 r - 2 potions of cancellation
 w - 2 potions of attraction


   Skills:
 + Level 10.8 Fighting
 - Level 1.7 Dodging
 * Level 11.1 Unarmed Combat
 - Level 2.4 Spellcasting
 + Level 7.9 Transmutations
 - Level 5.0 Invocations


You had 5 spell levels left.
You knew the following spells:

 Your Spells              Type           Power      Damage    Failure   Level
a - Beastly Appendage     Tmut           58%        N/A       1%          1
b - Spider Form           Tmut/Pois      7%         N/A       11%         3
c - Hydra Form            Tmut           14%        N/A       21%         5

Your spell library contained the following spells:

 Spells                   Type           Power      Damage    Failure   Level
 Wereblood                Tmut           29%        N/A       1%          2
 Animate Skeleton         Necr           4%         N/A       19%         1
 Apportation              Tloc           4%         N/A       19%         1
 Corona                   Hex            2%         N/A       19%         1
 Shock                    Conj/Air       8%         1d3       19%         1
 Summon Small Mammal      Summ           8%         N/A       19%         1
 Swiftness                Air            2%         N/A       28%         2
 Ice Form                 Ice/Tmut       15%        N/A       36%         4
 Static Discharge         Conj/Air       2%         N/A       50%         3
 Yara's Violent Unravell  Hex/Tmut       7%         3d5       71%         5
 Airstrike                Air            1%         N/A       88%         4
 Cause Fear               Hex            1%         N/A       88%         4
 Lightning Bolt           Conj/Air       1%         1d12      99%         5
 Silence                  Hex/Air        1%         N/A       99%         5
 Discord                  Hex            1%         N/A       100%        8


Dungeon Overview and Level Annotations

Branches:
Dungeon (11/15)            Temple (1/1) D:5            Lair (0/6) D:9
    Orc (0/2) D:11          Sewer (visited)

Altars:
Ashenzari
Cheibriados
Dithmenos
Elyvilon
Fedhas
Gozag
Hepliaklqana
Kikubaaqudgha
Makhleb
Nemelex Xobeh
Okawaru
Qazlal
Ru
Sif Muna
Trog
Uskayaw
Vehumet
Wu Jian
Xom
Yredelemnul
Zin
The Shining One

Shops:
D:5 =(   D:11 (

Annotations:
D:9 3 runed translucent doors, snetch's ghost, novice MiBe
D:11 Josephine


Innate Abilities, Weirdness & Mutations

You are a four-headed hydra.
You swim very quickly.
You can devour living enemies to heal.
You are amphibious.
Your maximum health is greatly increased.
Your armour is entirely melded.
You are incapable of wielding weapons or throwing items.
You are too large for most types of armour.
((You have tough skin. (AC +1)))
You are frail. (-10% HP)


Message History

You are more poisoned.
A centaur comes into view.
You bite Josephine!
Josephine is heavily wounded.
You barely miss the wraith.
You nip at the wraith but do no damage.
You gouge the wraith!!
You feel very sick. The wraith hits you.
* * * LOW HITPOINT WARNING * * *
The wraith drains your vigour!
You feel as though you will be slow longer.
The wraith hits you!
* * * LOW HITPOINT WARNING * * *
The wraith drains your vigour!
You feel as though you will be slow longer.
The wraith closely misses you.
A centaur comes into view.
Josephine grinds her teeth.
Josephine hits you with a +4 dagger of venom.
* * * LOW HITPOINT WARNING * * *
The wraith hits you.
* * * LOW HITPOINT WARNING * * *
A centaur comes into view.
The wraith completely misses you.
Okay, then.
As you read the scroll of teleportation, it crumbles to dust.
You feel strangely unstable.
You feel very sick. The wraith closely misses you.
Josephine hits you with a +4 dagger of venom!
* * * LOW HITPOINT WARNING * * *
The wraith barely misses you. x2; The wraith hits you.
* * * LOW HITPOINT WARNING * * *
The wraith drains your vigour!
You feel as though you will be slow longer.
You feel better. Josephine draws life force from you!
* * * LOW HITPOINT WARNING * * *
Josephine is healed by the life force!
The wraith barely misses you. The wraith hits you!
You die...

######....#....####.###
#...##.#.......#..
#......#.#####^#.#
##...####.###...#.#
#..#.# #..##.#.#.#
#.##.# #.....#.#.#
#....# #...###[#.#
########.## #.......#.#
....Wc@D.# #.....#.#.#


.$$ccWWWW# ####..#.#.# .....cco.# #.....#.#.# ...>.∩...# #.##..#)..# ...c.....#
#<###.#)### .$$...$..# #.....))... .........# #..##...### ########.# #..##...#
#..#....# You could see Josephine, 5 wraiths, an orc warrior and 6 centaurs.

Vanquished Creatures
  Pikel (D:8)
  Maurice (D:9)
  2 centaur zombies
  Joseph (D:8)
  Maggie (D:7)
  A queen bee (D:8)
  Prince Ribbit (D:8)
  A hornet (D:9)
  Grinder (D:5)
  A shadow (D:9)
  7 yaks
  A wraith (D:10)
  2 steam dragons
  Menkaure (D:5)
  An acid dragon (D:10)
  2 water moccasins
  A sky beast (D:6)
  2 orc warriors
  2 necrophages (D:5)
  2 ogres
  9 centaurs
  3 lemures (D:8)
  3 phantoms
  5 kobold brigands
  4 bullfrogs
  A gnoll sergeant (D:3)
  A water moccasin zombie (D:6)
  3 scorpions
  A water moccasin skeleton (D:6)
  10 killer bees (D:8)
  3 wights (D:9)
  3 howler monkeys
  7 orc priests
  2 jellies (D:7)
  2 hounds
  2 iguanas
  9 orc wizards
  A killer bee zombie (D:8)
  A hound skeleton (D:4)
  Robin (D:3)
  12 gnolls
  6 adders
  A howler monkey skeleton (D:2)
  3 ufetubi
  An adder skeleton (D:4)
  10 worms
  4 dart slugs
  28 orcs
  9 ball pythons
  5 endoplasms
  A giant cockroach (D:6)
  20 goblins
  11 hobgoblins
  3 jackals (D:5)
  5 quokkas
  2 bats (D:1)
  2 frilled lizards
  21 kobolds
  10 rats
257 creatures vanquished.

Vanquished Creatures (others)
  An orc (D:6)
  31 plants
32 creatures vanquished.

Grand Total: 289 creatures vanquished

Notes
Turn   | Place    | Note
-------+----------+-------------------------------------------
     0 | D:1      | Dvallin the Ogre Transmuter began the quest for the Orb.
     0 | D:1      | Reached XP level 1. HP: 19/19 MP: 3/3
     2 | D:1      | Noticed a spriggan
     4 | D:1      | Noticed a naga
     4 | D:1      | Noticed a human
     6 | D:1      | Noticed a centaur
     8 | D:1      | Noticed a felid
     8 | D:1      | Noticed a gargoyle
    10 | D:1      | Noticed an octopode
    10 | D:1      | Noticed a barachi
    12 | D:1      | Noticed a demigod
    12 | D:1      | Noticed a minotaur
    14 | D:1      | Noticed a merfolk
    14 | D:1      | Noticed a vine stalker
    16 | D:1      | Noticed a palentonga
    16 | D:1      | Noticed a demonspawn
    18 | D:1      | Noticed a troll
    20 | D:1      | Noticed a ghoul
    20 | D:1      | Noticed an ogre
    22 | D:1      | Noticed a tengu
    22 | D:1      | Noticed a draconian
    24 | D:1      | Noticed a formicid
    24 | D:1      | Noticed a vampire
    26 | D:1      | Noticed a dwarf
    26 | D:1      | Noticed an elf
    40 | D:1      | You fall into a shaft and drop 1 floor!
   395 | D:2      | Reached skill level 3 in Unarmed Combat
   395 | D:2      | Reached XP level 2. HP: 21/28 MP: 1/5
   937 | D:1      | Found a faded altar of an unknown god.
  1142 | D:2      | Reached XP level 3. HP: 25/35 MP: 4/6
  1715 | D:2      | Reached XP level 4. HP: 44/44 MP: 4/7
  1789 | D:2      | Found a sparkling altar of Nemelex Xobeh.
  2380 | D:3      | Noticed Robin
  2963 | D:3      | Killed Robin
  2964 | D:3      | Reached skill level 4 in Unarmed Combat
  3149 | D:3      | Reached XP level 5. HP: 36/53 MP: 8/8
  3516 | D:4      | Noticed an ogre
  3789 | D:4      | Reached XP level 6. HP: 62/62 MP: 9/9
  3900 | D:4      | Reached skill level 5 in Unarmed Combat
  4083 | D:3      | Reached XP level 7. HP: 42/71 MP: 10/10
  4393 | D:4      | Reached skill level 5 in Fighting
  4417 | D:5      | Entered Level 5 of the Dungeon
  4495 | D:5      | Noticed Grinder
  4510 | D:5      | Paralysed by Grinder for 7 turns
  4560 | D:5      | Noticed Menkaure
  4586 | D:5      | Killed Menkaure
  4587 | D:5      | Reached skill level 6 in Unarmed Combat
  4703 | D:5      | Reached XP level 8. HP: 27/83 MP: 11/11
  4937 | D:5      | Found Joida's Jewellery Boutique.
  5018 | D:5      | Found Xovoj's Weapon Shop.
  5214 | D:5      | Found a staircase to the Ecumenical Temple.
  5222 | Temple   | Entered the Ecumenical Temple
  5317 | Temple   | Became a worshipper of Ru the Awakened
  5464 | D:5      | Killed Grinder
  5465 | D:5      | Reached skill level 7 in Unarmed Combat
  5913 | D:5      | Reached skill level 5 in Transmutations
  6147 | D:6      | Reached XP level 9. HP: 30/93 MP: 9/12
  6320 | D:6      | Reached skill level 8 in Unarmed Combat
  6325 | D:6      | Found a glowing drain.
  6333 | Sewer    | Entered a sewer
  6752 | D:6      | Learned a level 3 spell: Spider Form
  6958 | D:6      | Found an ornate altar of the Wu Jian Council.
  7022 | D:6      | Found an opulent altar of Gozag.
  7022 | D:6      | Found an iron altar of Okawaru.
  7032 | D:6      | Fell from the grace of Ru
  7032 | D:6      | Became a worshipper of Warmaster Okawaru
  7426 | D:7      | Found a hide-covered altar of Uskayaw.
  7620 | D:7      | Noticed Maggie
  7634 | D:7      | Killed Maggie
  7635 | D:7      | Reached skill level 1 in Invocations
  7713 | D:7      | Reached * piety under Okawaru
  7735 | D:7      | Learned a level 5 spell: Hydra Form
  7895 | D:7      | Gained mutation: You are frail. (-10% HP) [mutagenic glow]
  8116 | D:7      | Reached skill level 9 in Unarmed Combat
  8156 | D:7      | Found a hazy altar of Hepliaklqana.
  8162 | D:7      | Found a shadowy altar of Dithmenos.
  8648 | D:8      | Reached XP level 10. HP: 93/95 MP: 10/13
  8727 | D:8      | Noticed Pikel
  8745 | D:8      | Killed Pikel
  8745 | D:8      | Reached ** piety under Okawaru
  8826 | D:8      | Found a broken altar of Ashenzari.
  8843 | D:8      | Noticed Joseph
  8860 | D:8      | Killed Joseph
  9580 | D:8      | Noticed Prince Ribbit
  9599 | D:8      | Killed Prince Ribbit
  9599 | D:8      | Reached *** piety under Okawaru
  9600 | D:8      | Reached skill level 10 in Unarmed Combat
  9716 | D:9      | Found a staircase to the Lair.
  9859 | D:9      | Reached skill level 10 in Fighting
  9865 | D:9      | Reached skill level 5 in Invocations
 10301 | D:9      | Noticed Maurice
 10318 | D:9      | Killed Maurice
 10318 | D:9      | Reached **** piety under Okawaru
 10319 | D:9      | Reached XP level 11. HP: 95/107 MP: 4/14
 10916 | D:9      | Found a runed translucent gate.
 10916 | D:9      | Found a runed translucent gate.
 10918 | D:9      | Found a runed translucent gate.
 10922 | D:9      | Noticed snetch's ghost (novice MiBe)
 11079 | D:10     | Entered Level 10 of the Dungeon
 11597 | D:10     | Reached skill level 11 in Unarmed Combat
 11802 | D:10     | Reached ***** piety under Okawaru
 11861 | D:10     | Found a shimmering blue altar of Sif Muna.
 12348 | D:11     | Found Xaetee's Weapon Shoppe.
 12349 | D:11     | Found a staircase to the Orcish Mines.
 12349 | D:11     | Noticed Josephine
 12359 | D:11     | Slain by a wraith

Illustrated notes

Levels and vault maps discovered:
D:1:      kb_arrival_jail, layout_rooms, shapermc_ecumenical_altar_totnotflames,
          minmay_tetromino_s4
D:2:      layout_rooms, basic_altar, serial_aquarium, aquarium_bridge_straight
          [aquarium_subvault_bridge, aquarium_subvault_wall,
          aquarium_subvault_bridge, aquarium_subvault_balcony],
          aquarium_window_1, aquarium_window_fake, aquarium_window_fake,
          aquarium_window_fake, aquarium_view_2e, aquarium_view_2d,
          aquarium_balcony_1b, aquarium_pool_split
D:3:      layout_rooms, uniq_robin
D:4:      layout_rooms, lightli_minifort
D:5:      layout_basic, minmay_temple_entry_enclosed_plants, serial_shops,
          nicolae_shop_behind_doors, kennysheep_small_square, uniq_grinder,
          uniq_menkaure
D:6:      layout_loops_ring, general_overflow_altar,
          gammafunk_temple_overflow_pools, gup_sewer_entry_bubbles
D:7:      layout_cave_pods, riverfiend_overflow_shadow_ancestor,
          amcnicky_altar_gilded, uniq_maggie
D:8:      layout_cave_pools, nicolae_ashenzari_panopticon,
          nicolae_looking_at_the_future, uniq_prince_ribbit1, uniq_joseph,
          uniq_pikel
D:9:      layout_basic, lair_entry_dummy, gammafunk_ghost_spectres,
          hangedman_decor_riveting, uniq_maurice
D:10:     layout_gridville, lemuel_blue_sif_altar
D:11:     layout_basic, orc_david_3, hangedman_ranch [blue_anna_fruit_fields],
          uniq_josephine
Temple:   zaba_magenta_temple

Skill      XL: |  1  2  3  4  5  6  7  8  9 10 11 |
---------------+----------------------------------+-----
Unarmed Combat | 3 4 5 6 7 9 10 11 | 11.1
Transmutations | 2 3 4 5 6 7 |  7.9
Fighting       | 2 3 4 5 7 8 10 | 10.8
Invocations    | 2 5 |  5.0
Dodging        | |  1.7
Spellcasting   | |  2.4

Action                   |  1- 3 |  4- 6 |  7- 9 | 10-12 || total
-------------------------+-------+-------+-------+-------++-------
Melee: Unarmed           |    71 |   179 |   280 |   258 ||   788
       Kick              |    16 |    39 |    51 |       ||   106
       Headbutt          |     7 |    26 |    24 |       ||    57
       Punch             |       |     3 |     8 |       ||    11
 Cast: Beastly Appendage |    21 |    39 |    40 |     1 ||   101
       Spider Form       |       |       |    14 |     2 ||    16
       Hydra Form        |       |       |     2 |    26 ||    28
Invok: Heroism           |       |       |       |     2 ||     2
  Use: Scroll            |       |       |    14 |     1 ||    15
       Potion            |       |       |     3 |     2 ||     5
Armor: Robe              |    16 |    37 |    40 |     1 ||    94
       Skin              |       |       |     9 |    73 ||    82
       Steam dragon scal |       |       |     2 |     1 ||     3
Dodge: Dodged            |    38 |    90 |   138 |   125 ||   391

Table legend: (Time is in decaauts)
 A = Elapsed time spent in this place.
 B = Non-inter-level travel time spent in this place.
 C = Inter-level travel time spent in this place.
 D = Time resting spent in this place.
 E = Time spent auto-exploring this place.
 F = Levels seen in this place.
 G = Mean time per level.
                   A        B        C        D        E       F      G
               +--------+--------+--------+--------+--------+-----+--------+
         Total |  12353 |  11805 |    548 |   1485 |   7915 |  13 |  950.2 |
       Dungeon |  11864 |  11363 |    501 |   1485 |   7651 |  11 | 1078.5 |
        Temple |    108 |     61 |     47 |      0 |     54 |   1 |  108.0 |
         Sewer |    380 |    380 |      0 |      0 |    210 |   1 |  380.0 |
               +--------+--------+--------+--------+--------+-----+--------+

Top non-repeatable levels by time:
     D:2: 2197 daAuts
     D:9: 1351 daAuts
     D:7: 1195 daAuts
     D:5: 1150 daAuts
     D:6: 1091 daAuts
     D:8: 1061 daAuts
    D:10: 995 daAuts
     D:1: 921 daAuts
     D:4: 879 daAuts
     D:3: 743 daAuts
   Sewer: 380 daAuts
    D:11: 276 daAuts
  Temple: 108 daAuts
